 Dungeon Crawl Stone Soup version 0.29-a0-520-gc852659d43 (webtiles) character file.

Game seed: 6052443364845034412

3162 countessdiamond the Fighter (level 9, -5/86 HPs)
             Began as a Minotaur Fighter on May 21, 2022.
             Was an Elder of Okawaru.
             Slain by a yak (10 damage)
             ... on level 8 of the Dungeon on May 31, 2022.
             The game lasted 00:46:52 (8907 turns).

countessdiamond the Fighter (Minotaur Fighter)      Turns: 8907, Time: 00:46:53

Health: -5/86      AC: 11    Str: 25    XL:     9   Next: 63%
Magic:  8/8        EV:  9    Int:  5    God:    Okawaru [****..]
Gold:   275        SH:  5    Dex: 10    Spells: 8/8 levels left

rFire   . . .      SeeInvis .   a - +2 war axe
rCold   . . .      Faith    .   c - +0 buckler
rNeg    . . .      Spirit   .   b - +1 scale mail
rPois   .          Reflect  .   (helmet restricted)
rElec   .          Harm     .   (no cloak)
rCorr   .          Rampage  .   l - +2 pair of gloves
Will    .....                   (no boots)
Stlth   ..........              e - amulet of regeneration
HPRegen 1.04/turn               (no ring)
MPRegen 0.11/turn               (no ring)

@: no status effects
A: horns 2, retaliatory headbutt
a: Renounce Religion, Heroism, Finesse


You were on level 8 of the Dungeon.
You worshipped Okawaru.
Okawaru was greatly pleased with you.
You visited 2 branches of the dungeon, and saw 9 of its levels.
You also visited: Ossuary.

You collected 275 gold pieces.

Inventory:

Hand Weapons
 a - a +2 war axe (weapon)
 K - a +0 hunting sling
 N - a +3 scythe of venom
Missiles
 h - 14 poisoned darts (quivered)
 F - 3 boomerangs of dispersal
Armour
 b - a +1 scale mail (worn)
 c - a +0 buckler (worn)
 l - a +2 pair of gloves (worn)
 q - a +0 helmet
 w - a +0 robe
 G - a +0 chain mail
 O - a +0 leather armour
 P - a +0 cloak
Jewellery
 e - an amulet of regeneration (around neck)
 g - an amulet of reflection
 I - a ring of ice
 L - a ring of poison resistance
 M - a ring of see invisible
Wands
 x - a wand of digging (7)
 z - a wand of flame (11)
Scrolls
 i - a scroll of fog
 m - 2 scrolls of enchant armour
 n - 4 scrolls of blinking
 r - a scroll of teleportation {unknown}
 s - a scroll of enchant weapon
 t - a scroll of torment {unknown}
 y - 2 scrolls of immolation {unknown}
 A - 2 scrolls of fear {unknown}
 B - a scroll of brand weapon {unknown}
 C - a scroll of vulnerability {unknown}
 D - a scroll of magic mapping {unknown}
Potions
 d - 2 potions of might
 f - 8 potions of curing
 j - 4 potions of brilliance
 k - a potion of degeneration
 o - a potion of flight
 p - 3 potions of haste
 u - 2 potions of mutation
 v - 2 potions of cancellation {unknown}
 E - a potion of attraction {unknown}
 H - a potion of resistance {unknown}
 J - a potion of invisibility {unknown}
 Q - a potion of lignification {unknown}


   Skills:
 + Level 10.4 Fighting
 + Level 9.9 Axes
 - Level 4.0 Armour
 - Level 0.2 Dodging
 - Level 8.4 Shields
 * Level 2.9 Evocations


You had 8 spell levels left.
You didn't know any spells.
Your spell library contained the following spells:

 Spells                   Type           Power      Damage    Failure   Level
 Necrotize                Necr           0%         1d4       83%         1
 Shock                    Conj/Air       0%         1d3       83%         1
 Swiftness                Air            0%         N/A       99%         3
 Vampiric Draining        Necr           0%         2d6       99%         3
 Airstrike                Air            0%         N/A       100%        4
 Agony                    Necr           0%         N/A       100%        5


Dungeon Overview and Level Annotations

Branches:
Dungeon (8/15)             Temple (1/1) D:4         Ossuary (visited)
   Lair: D:8-11

Altars:
Elyvilon
Fedhas
Hepliaklqana
Kikubaaqudgha
Makhleb
Nemelex Xobeh
Okawaru
Qazlal
Ru
Sif Muna
Trog
Uskayaw
Wu Jian
Yredelemnul
The Shining One

Shops:
D:6 (

Annotations:
D:3 1 runed translucent door, Slifar's ghost, amateur DrFE


Innate Abilities, Weirdness & Mutations

You have a pair of horns on your head.
You reflexively headbutt those who attack you in melee.


Message History

You hear a bellow!
There are monsters nearby!
There are monsters nearby!
The yak closely misses you. You furiously retaliate!
You headbutt the yak.
There are monsters nearby!
There are monsters nearby!
There are monsters nearby!
The yak bellows!
You slash the yak!
The yak is moderately wounded.
You hit the yak. x2; The yak barely misses you.
The yak gores you.
* * * LOW HITPOINT WARNING * * *
The yak gores you!
* * * LOW HITPOINT WARNING * * *
You hit the yak.
The yak is moderately wounded.
You closely miss the yak. You hit the yak but do no damage.
You barely miss the centaur.
The centaur unwields a +2 shortbow of freezing.
The centaur completely misses you. You furiously retaliate!
You headbutt the centaur.
The centaur kicks you but does no damage.
The centaur hits you but does no damage.
The centaur barely misses you. You block the yak's attack.
The yak closely misses you. You furiously retaliate!
You headbutt the yak! You hit the yak but do no damage.
The yak is moderately wounded.
You slash the yak! You completely miss the centaur. You closely miss the yak.
The centaur barely misses you. x2; The yak closely misses you.
You furiously retaliate!
You headbutt the yak. The yak closely misses you. The yak gores you!
* * * LOW HITPOINT WARNING * * *
You block the centaur's attack. The centaur closely misses you.
You slash the yak!
The yak is severely wounded.
You hit the yak but do no damage. x2; You closely miss the centaur.
You slash the yak!
The centaur hits you but does no damage.
You block the centaur's attack. You block the yak's attack. The yak gores you!
You die...

##.# ##............# #.##
##...........# #..#
###.........# ##.# ##........#
#.### ####.....# ###...####
####..# ##...##...#### #..#
##..######.<..#### #..##
##..#...Y@Y.......###...#
###.......YYc............##
##..##......Y.........#...#
#####รท.####.....Y..........#..#
......## ##...............#..#
#....## ###..........#####.#
####.## #.#####.#### #.# #..#
#.## #.# #.# #..## ###..####.#
#.#


You could see 6 yaks and a centaur.

Vanquished Creatures
  Pikel (D:4)
  A wyvern (D:7)
  3 yaks (D:8)
  Eustachio (D:6)
  An orc warrior (D:8)
  4 ice beasts
  An ogre (D:5)
  2 centaurs
  A phantom (D:7)
  An elf zombie (Ossuary)
  A bullfrog (D:7)
  2 scorpions (D:5)
  2 necrophages
  6 electric eels (D:5)
  2 centaur zombies (Ossuary)
  2 human zombies (Ossuary)
  A hound (D:6)
  2 jellies
  An orc priest (D:6)
  3 iguanas
  4 orc wizards
  2 mummies (Ossuary)
  4 adders
  A shadow imp (D:5)
  An ufetubus (D:6)
  2 adder zombies (Ossuary)
  A worm (D:4)
  A dart slug (D:4)
  13 orcs
  2 bats (D:1)
  7 endoplasms
  4 giant cockroaches
  9 goblins
  9 hobgoblins
  6 jackals
  A quokka (D:3)
  4 ball pythons
  A frilled lizard (D:3)
  6 hobgoblin zombies (Ossuary)
  A jackal zombie (Ossuary)
  3 kobolds
  14 kobold zombies (Ossuary)
  8 orc zombies (Ossuary)
  2 rats (D:3)
  A rat zombie (Ossuary)
145 creatures vanquished.

Vanquished Creatures (others)
  4 plants (D:5)
4 creatures vanquished.

Grand Total: 149 creatures vanquished

Notes
Turn   | Place    | Note
-------+----------+-------------------------------------------
     0 | D:1      | countessdiamond the Minotaur Fighter began the quest for
                  | the Orb.
     0 | D:1      | Reached XP level 1. HP: 19/19 MP: 0/0
     8 | D:1      | Noticed an ogre
   380 | D:1      | Reached XP level 2. HP: 26/27 MP: 1/1
   421 | D:1      | Reached skill level 4 in Fighting
   863 | D:3      | Found a basalt altar of Yredelemnul.
   884 | D:3      | Reached XP level 3. HP: 33/33 MP: 2/2
  1648 | D:3      | Found a runed translucent door.
  1649 | D:3      | Noticed a bullfrog
  1651 | D:3      | Noticed Slifar's ghost (amateur DrFE)
  1903 | D:4      | Found a staircase to the Ecumenical Temple.
  1916 | Temple   | Entered the Ecumenical Temple
  1941 | Temple   | Became a worshipper of Warmaster Okawaru
  2372 | D:4      | Noticed a lemure
  2373 | D:4      | Noticed a lemure
  2373 | D:4      | Noticed Pikel
  2374 | D:4      | Noticed a lemure
  2378 | D:4      | Noticed a lemure
  2404 | D:4      | Killed Pikel
  2404 | D:4      | Reached * piety under Okawaru
  2404 | D:4      | Reached ** piety under Okawaru
  2405 | D:4      | Reached skill level 7 in Fighting
  2405 | D:4      | Reached XP level 4. HP: 37/47 MP: 3/3
  2405 | D:4      | Reached XP level 5. HP: 42/52 MP: 4/4
  2405 | D:4      | Reached XP level 6. HP: 48/60 MP: 5/5
  2405 | D:4      | Reached XP level 7. HP: 53/66 MP: 6/6
  2446 | D:4      | Found a sand-covered staircase.
  2451 | Ossuary  | Entered an ossuary
  2771 | Ossuary  | Reached *** piety under Okawaru
  2988 | D:4      | Reached skill level 8 in Fighting
  3334 | D:4      | Found a stormy altar of Qazlal.
  3369 | D:5      | Entered Level 5 of the Dungeon
  3430 | D:5      | Received a gift from Okawaru
  3431 | D:5      | Reached XP level 8. HP: 63/75 MP: 7/7
  3791 | D:5      | Found a hazy altar of Hepliaklqana.
  3791 | D:5      | Found a white marble altar of Elyvilon.
  3986 | D:5      | Reached skill level 9 in Fighting
  4189 | D:5      | Reached skill level 5 in Shields
  4608 | D:5      | Reached **** piety under Okawaru
  5021 | D:6      | Noticed Eustachio
  5039 | D:6      | Killed Eustachio
  5205 | D:6      | Reached XP level 9. HP: 65/83 MP: 8/8
  5406 | D:6      | Found Gaebogor's Weapon Shop.
  6074 | D:7      | Reached skill level 10 in Fighting
  6768 | D:7      | Found a shimmering blue altar of Sif Muna.
  6775 | D:7      | Upgraded the game from 0.29-a0-468-ge57f7f99b4 to
                  | 0.29-a0-520-gc852659d43
  8200 | D:8      | Found a sparkling altar of Nemelex Xobeh.
  8210 | D:8      | Reached skill level 1 in Evocations
  8906 | D:8      | HP: 4/86 [yak (7)]
  8907 | D:8      | Slain by a yak

Illustrated notes

Levels and vault maps discovered:
D:1:      evilmike_arrival_come_back, layout_basic, chequers_avenue
D:2:      layout_loops_ring, minmay_ruptured
D:3:      minmay_door_path, layout_loops_ring,
          mainiacjoe_overflow_small_starburst, ebering_ghost_sewer_d
D:4:      layout_loops_ring, overflow_temple_1_default, lemuel_crystal_altar,
          minmay_temple_entry_gardened_gates, nicolae_ossuary_entry_plus,
          uniq_pikel
D:5:      cheibrodos_two_vegetables, layout_gridville,
          gammafunk_temple_overflow_wave
D:6:      layout_loops_ring, serial_shops, nicolae_shop_statue_plus,
          uniq_eustachio
D:7:      layout_basic, lemuel_crystal_altar, serial_glass, glass_columns_a,
          glass_columns_b, feat_on_display, minmay_unpleasant_kobolds,
          uniq_crazy_yiuf_cottage
D:8:      layout_cave_pods, nicolae_dithmenos_the_darkroom, lemuel_doored_altar,
          ashenzari_conservatory_becter, mainiacjoe_overflow_alcove_1,
          serial_bayou_crossing
Temple:   compressed_dpeg_triangle_lava_temple

Skill      XL: |  1  2  3  4  5  6  7  8  9 |
---------------+----------------------------+-----
Armour         | 4 |  4.0
Shields        | 4 8 |  8.4
Fighting       | 4 7 8 9 10 | 10.4
Axes           | 6 8 9 |  9.9
Evocations     | 2 |  2.9
Dodging        | |  0.2

Action                   |  1- 3 |  4- 6 |  7- 9 || total
-------------------------+-------+-------+-------++-------
Melee: War axe           |    76 |       |   244 ||   320
       Headbutt          |    18 |       |    47 ||    65
Evoke: Wand              |       |       |     8 ||     8
  Use: Scroll            |     4 |       |     9 ||    13
Armor: Scale mail        |    42 |       |   173 ||   215
Dodge: Dodged            |    57 |       |   202 ||   259
Block: Buckler           |    20 |       |    83 ||   103

Table legend: (Time is in decaauts)
 A = Elapsed time spent in this place.
 B = Non-inter-level travel time spent in this place.
 C = Inter-level travel time spent in this place.
 D = Time resting spent in this place.
 E = Time spent auto-exploring this place.
 F = Levels seen in this place.
 G = Mean time per level.
                   A        B        C        D        E       F      G
               +--------+--------+--------+--------+--------+-----+--------+
         Total |   9014 |   8878 |    136 |   3004 |   2577 |  10 |  901.4 |
       Dungeon |   8231 |   8095 |    136 |   3004 |   2256 |   8 | 1028.9 |
        Temple |    398 |    398 |      0 |      0 |    313 |   1 |  398.0 |
       Ossuary |    384 |    384 |      0 |      0 |      8 |   1 |  384.0 |
               +--------+--------+--------+--------+--------+-----+--------+

Top non-repeatable levels by time:
     D:7: 2569 daAuts
     D:5: 1560 daAuts
     D:3: 1208 daAuts
     D:8: 755 daAuts
     D:6: 711 daAuts
     D:1: 703 daAuts
     D:4: 627 daAuts
  Temple: 398 daAuts
 Ossuary: 384 daAuts
     D:2: 94 daAuts
